 Dungeon Crawl Stone Soup version 0.30.1-9-gdf580d7c3d (webtiles) character file.

Game seed: 17680868885985457029

8082 Danienth the Covert (level 11, -9/54 HPs)
             Began as a Spriggan Enchanter on Oct 10, 2023.
             Was a Believer of Sif Muna.
             Mangled by a gargoyle
             ... wielding a +0 flail
              (16 damage)
             ... on level 10 of the Dungeon.
             The game lasted 01:53:54 (16019 turns).

Danienth the Covert (Spriggan Enchanter)           Turns: 16019, Time: 01:53:55

Health: -9/54      AC:  4    Str:  6    XL:     11   Next: 5%
Magic:  15/19      EV: 19    Int: 18    God:    Sif Muna [**....]
Gold:   66         SH:  0    Dex: 17    Spells: 3/20 levels left

rFire   . . .        m - +1 short sword (vamp)
rCold   + . .        (no shield)
rNeg    + . .        k - +2 robe {rF+}
rPois   .            (helmet restricted)
rElec   .            i - scarf {shadows}
rCorr   .            (gloves unavailable)
SInv    +            (boots unavailable)
Will    ++...        (no amulet)
Stlth   +++++        F - ring of positive energy
HPRegen 0.29/turn    p - ring of ice
MPRegen 0.16/turn

%: no passive effects
@: very quick
A: very small, no large weapons, unfitting armour, see invisible, speed 3,
strong-willed 1, screaming 1, subdued magic 1
a: Renounce Religion, Channel Magic


You were on level 10 of the Dungeon.
You worshipped Sif Muna.
Sif Muna was pleased with you.
You visited 2 branches of the dungeon, and saw 11 of its levels.

You collected 633 gold pieces.
You spent 567 gold pieces at shops.

Inventory:

Hand Weapons
 c - a +2 war axe of electrocution
 e - a +1 dagger of draining
 g - a +0 sling
 h - a +0 short sword of protection
 m - a +1 vampiric short sword (weapon)
 o - a +3 quarterstaff of chaos
 r - a +1 dagger of electrocution
 t - a +1 dagger of flaming
 y - a +5 short sword
 J - the +10 quarterstaff of Annihilation {freeze, Int+3}
   (You found it on level 8 of the Dungeon)

   Int:       It affects your intelligence (+3).
Missiles
 j - 87 poisoned darts (quivered)
 z - 4 boomerangs
 C - 5 curare-tipped darts
Armour
 d - a +1 robe of positive energy
 i - a scarf of shadows (worn)
 k - a +2 robe of fire resistance (worn)
 n - an orb of energy
Jewellery
 p - a ring of ice (right hand)
 F - a ring of positive energy (left hand)
Wands
 v - a wand of paralysis (5)
 w - a wand of flame (4)
 G - a wand of digging (3)
Scrolls
 q - a scroll of poison
 s - a scroll of noise
 u - 6 scrolls of identify
 B - a scroll of immolation
 E - a scroll of amnesia
 I - a scroll of magic mapping
Potions
 f - 3 potions of flight
 l - 5 potions of attraction


   Skills:
 - Level 4.8 Fighting
 - Level 10.0 Short Blades
 * Level 7.2 Staves
 - Level 0.6 Ranged Weapons
 - Level 0.5 Throwing
 - Level 5.0 Dodging
 - Level 10.6 Stealth
 - Level 5.0 Spellcasting
 - Level 1.4 Conjurations
 - Level 4.5 Hexes
 - Level 1.4 Fire Magic
 - Level 1.6 Ice Magic
 - Level 0.2 Evocations


You had 3 spell levels left.
You knew the following spells:

 Your Spells              Type           Power      Damage    Failure   Level
a - Ensorcelled Hibernat  Hex/Ice        36%        N/A       4%          2
b - Confusing Touch       Hex            16%        N/A       4%          3
c - Tukima's Dance        Hex            16%        N/A       4%          3
d - Foxfire               Conj/Fire      28%        2x1d5     6%          1
e - Dazzling Flash        Conj/Hex       22%        N/A       10%         3
f - Fireball              Conj/Fire      3%         3d4       88%         5

Your spell library contained the following spells:

 Spells                   Type           Power      Damage    Failure   Level
 Apportation              Tloc           6%         N/A       11%         1
 Alistair's Intoxication  Tmut/Pois      2%         N/A       98%         5
 Plasma Beam              Fire/Air       2%         2x1d14    100%        6
 Starburst                Conj/Fire      3%         6d3       100%        6


Dungeon Overview and Level Annotations

Branches:
Dungeon (10/15)            Temple (1/1) D:7             Orc (0/2) D:9
   Lair: D:8-11

Altars:
Ashenzari
Cheibriados
Dithmenos
Elyvilon
Fedhas
Gozag
Hepliaklqana
Kikubaaqudgha
Makhleb
Nemelex Xobeh
Okawaru
Qazlal
Ru
Sif Muna
Trog
Uskayaw
Vehumet
Wu Jian
Xom
Yredelemnul
Zin
The Shining One

Shops:
D:3 (   D:4 *   D:6 (   D:8 ?


Innate Abilities, Weirdness & Mutations

You are very small and have problems with some larger weapons.
You are too small for most types of armour.
You have supernaturally acute eyesight. (SInv)
You cover ground extremely quickly. (Speed+++)
You are strong-willed. (Will+)
You occasionally shout uncontrollably at your foes.
Your spells are a little easier to cast, but a little less powerful.


Message History

Casting: Ensorcelled Hibernation (safe; 3% risk of failure)
Confirm with . or Enter, or press ? or * to list all spells.
Aiming: Ensorcelled Hibernation (safe; 3% risk of failure)
Press: ? - help, Shift-Dir - straight line, f - basilisk
Aim: a basilisk (wandering, hasn't noticed you, chance to affect: 53%)
You feel a surge of power!
The basilisk hisses angrily.
The basilisk looks drowsy...
Casting: Ensorcelled Hibernation (safe; 3% risk of failure)
Confirm with . or Enter, or press ? or * to list all spells.
You can't see any susceptible monsters within range! (Use Z to cast anyway.)
Found 16 gold pieces.
The gargoyle hits you with a +0 flail!
A water moccasin comes into view.
The +10 quarterstaff of Annihilation {freeze, Int+3} stops glowing.
You feel a sense of dread.
m - a +1 vampiric short sword (weapon)
The gargoyle hurls a stone arrow at you.
The stone arrow hits you!
* * * LOW HITPOINT WARNING * * *
The basilisk hisses angrily.
You are too injured to fight recklessly!
The water moccasin hisses angrily.
You see here a throwing net.
You are too injured to fight recklessly!
Hit: m) +1 short sword (vamp)
Press: ? - help, Dir - move target, f - gargoyle, p - basilisk
Aim: a gargoyle, wielding a +0 flail (about 19% to evade your +1 vampiric short sword)
You hit the gargoyle but do no damage. The gargoyle hits you with a +0 flail.
* * * LOW HITPOINT WARNING * * *
You are too injured to fight recklessly!
Hit: m) +1 short sword (vamp)
Press: ? - help, Dir - move target, f/p - gargoyle
Aim: a gargoyle, wielding a +0 flail (about 19% to evade your +1 vampiric short sword)
You barely miss the gargoyle.
Hit: m) +1 short sword (vamp)
Press: ? - help, Dir - move target, f/p - gargoyle
Aim: a gargoyle, wielding a +0 flail (about 19% to evade your +1 vampiric short sword)
You hit the gargoyle but do no damage. The gargoyle hits you with a +0 flail!
You die...

.............#
..............
.....SP.....$.
.............#
#...........#
#....l......#
#...9@.(....#
#......(.(..#
#...........#
#........†..#
.............#
####.....#####
#.###.#...#
#.#...<.#.# #
#.#####.#


You could see a basilisk, a water moccasin and a gargoyle.

Vanquished Creatures
  A two-headed ogre (D:10)
  Nergalle (D:10)
  Pikel (D:5)
  The ghost of monsoonserge the Skirmisher, a novice SpHu of Okawaru (D:7)
  2 kobold demonologists
  A troll (D:9)
  2 wyverns
  A shadow (D:9)
  3 water moccasins
  5 black bears
  An orc warrior (D:7)
  2 ice beasts
  A phantom (D:4)
  2 centaurs
  2 ogres (D:6)
  17 kobold brigands
  3 bullfrogs
  2 gnoll sergeants
  4 scorpions
  9 wights
  7 howler monkeys
  4 electric eels (D:8)
  8 orc priests
  2 hounds
  Crazy Yiuf (D:2)
  3 iguanas
  7 orc wizards
  13 gnolls
  12 adders
  A white imp (D:7)
  2 ufetubi
  2 dart slugs
  19 orcs
  8 ball pythons
  5 endoplasms
  7 giant cockroaches
  7 hobgoblins
  36 kobolds
  3 quokkas (D:1)
  3 training dummies (D:6)
  8 bats
  A frilled lizard (D:2)
  8 goblins
  12 rats
240 creatures vanquished.

Vanquished Creatures (collateral kills)
  An orc (D:4)
  A quokka (D:5)
2 creatures vanquished.

Vanquished Creatures (others)
  4 dancing weapons
  75 foxfires
79 creatures vanquished.

Grand Total: 321 creatures vanquished

Notes
Turn   | Place    | Note
-------+----------+-------------------------------------------
     0 | D:1      | Danienth the Spriggan Enchanter began the quest for the
                  | Orb.
     0 | D:1      | Reached XP level 1. HP: 9/9 MP: 5/5
   467 | D:1      | Found a faded altar of an unknown god.
   632 | D:1      | Reached XP level 2. HP: 13/13 MP: 6/6
   663 | D:1      | Reached skill level 5 in Stealth
   692 | D:1      | Learned a level 2 spell: Ensorcelled Hibernation
  1207 | D:1      | Reached XP level 3. HP: 16/16 MP: 1/8
  2584 | D:2      | Reached XP level 4. HP: 13/21 MP: 8/10
  2721 | D:2      | Found a runed translucent door.
  2722 | D:2      | Noticed Crazy Yiuf
  3036 | D:2      | Killed Crazy Yiuf
  3037 | D:2      | Reached skill level 1 in Ice Magic
  3134 | D:3      | Learned a level 3 spell: Confusing Touch
  3138 | D:3      | Learned a level 3 spell: Tukima's Dance
  3395 | D:3      | Reached XP level 5. HP: 24/24 MP: 4/12
  3699 | D:3      | Found Awkem's Antique Weapon Shoppe.
  4015 | D:4      | Found an ornate altar of the Wu Jian Council.
  4245 | D:4      | Reached XP level 6. HP: 28/28 MP: 13/13
  4482 | D:4      | Learned a level 1 spell: Foxfire
  4620 | D:4      | Noticed an ice beast
  4856 | D:4      | Found Meigi's Assorted Antiques.
  5062 | D:4      | Reached skill level 1 in Fighting
  5062 | D:4      | Reached XP level 7. HP: 33/33 MP: 8/14
  5302 | D:4      | Bought a smoky coppery potion for 24 gold pieces
  5345 | D:5      | Entered Level 5 of the Dungeon
  5380 | D:5      | Reached skill level 5 in Short Blades
  5681 | D:5      | Reached skill level 1 in Conjurations
  6150 | D:5      | Noticed Pikel
  6201 | D:5      | Killed Pikel
  6202 | D:5      | Reached XP level 8. HP: 35/39 MP: 15/15
  7639 | D:6      | Reached XP level 9. HP: 44/44 MP: 14/16
  7677 | D:6      | Reached skill level 10 in Short Blades
  7940 | D:6      | Found a glowing silver altar of Zin.
  8121 | D:6      | Learned a level 3 spell: Dazzling Flash
  8153 | D:6      | Found Kuppolia's Firing Range.
  8157 | D:6      | Bought a throwing net for 42 gold pieces
  8157 | D:6      | Bought 6 poisoned darts for 50 gold pieces
  8157 | D:6      | Bought a throwing net for 42 gold pieces
  8701 | D:7      | Found a runed translucent door.
  8701 | D:7      | Found a shimmering altar of Xom.
  8701 | D:7      | Noticed a +2 long sword of chaos
  8701 | D:7      | Noticed monsoonserge's ghost (novice SpHu)
  8721 | D:7      | Found a staircase to the Ecumenical Temple.
  9671 | Temple   | Entered the Ecumenical Temple
  9996 | Temple   | Became a worshipper of Sif Muna the Loreminder
 10799 | D:7      | Gained mutation: You occasionally shout uncontrollably at
                  | your foes. [potion of mutation]
 10799 | D:7      | Gained mutation: You sometimes lose your temper in combat.
                  | [potion of mutation]
 10799 | D:7      | Gained mutation: You are strong-willed. (Will+) [potion of
                  | mutation]
 10882 | D:7      | Killed monsoonserge's ghost
 10883 | D:7      | Reached skill level 10 in Stealth
 10889 | D:7      | Learned a level 5 spell: Fireball
 10976 | D:7      | HP: 1/46 [+2 long sword of chaos (19)]
 11144 | D:8      | Reached skill level 1 in Fire Magic
 11192 | D:8      | Found Vyniadin's Magic Scroll Boutique.
 11282 | D:8      | Reached skill level 5 in Spellcasting
 11444 | D:8      | Bought a scroll of silence for 104 gold pieces
 11444 | D:8      | Bought a scroll of identify for 22 gold pieces
 11444 | D:8      | Bought a scroll of identify for 22 gold pieces
 11444 | D:8      | Bought a scroll of immolation for 44 gold pieces
 11444 | D:8      | Bought a scroll of magic mapping for 82 gold pieces
 11445 | D:8      | Identified the +10 quarterstaff of Annihilation {freeze,
                  | Int+3}
 11531 | D:8      | Reached skill level 5 in Dodging
 11575 | D:8      | Lost mutation: You sometimes lose your temper in combat.
                  | [potion of mutation]
 11575 | D:8      | Lost mutation: You are strong-willed. (Will+) [potion of
                  | mutation]
 11575 | D:8      | Gained mutation: Your spells are a little easier to cast,
                  | but a little less powerful. [potion of mutation]
 11575 | D:8      | Gained mutation: You are strong-willed. (Will+) [potion of
                  | mutation]
 11893 | D:8      | Noticed a kobold demonologist
 11899 | D:8      | Killed a kobold demonologist
 11899 | D:8      | Reached * piety under Sif Muna
 11900 | D:8      | Reached XP level 10. HP: 49/51 MP: 18/18
 12545 | D:8      | HP: 2/51 [electric eel/bolt of electricity (10)]
 12726 | D:9      | Noticed a moth of wrath
 12726 | D:9      | Found a bloodstained altar of Trog.
 13469 | D:4      | Bought a potion of heal wounds for 135 gold pieces
 14230 | D:10     | Entered Level 10 of the Dungeon
 14309 | D:10     | Noticed a gargoyle
 14539 | D:9      | Reached ** piety under Sif Muna
 14606 | D:9      | Reached skill level 5 in Staves
 14641 | D:9      | Found a staircase to the Orcish Mines.
 14670 | D:9      | HP: 2/50 [orc priest/divine providence (12)]
 15655 | D:10     | Noticed a two-headed ogre
 15660 | D:10     | Killed a two-headed ogre
 15667 | D:10     | Noticed Nergalle
 15683 | D:10     | Killed Nergalle
 15796 | D:10     | Noticed a rust devil
 15823 | D:10     | Reached XP level 11. HP: 15/54 MP: 12/19
 16019 | D:10     | Mangled by a gargoyle

Illustrated notes

Levels and vault maps discovered:
D:1:      sevenhm_arrival_forest_fort_large_4, layout_basic,
          basic_ecumenical_altar, corexii_item_surrounded_by_moat,
          minmay_close_crescents
D:2:      layout_basic, uniq_crazy_yiuf_cottage
D:3:      layout_loops_ring, serial_shops, nicolae_shop_window_shopping,
          nicolae_concentric_dashed_squares_wild
D:4:      layout_gridville, nicolae_wu_jian_wuxing_cycle, serial_shops,
          nicolae_shop_real_fake_doors
D:5:      layout_basic, uniq_pikel
D:6:      layout_loops_ring, kennysheep_mini, solitary_fountain,
          nicolae_shop_firing_range
D:7:      layout_basic, minmay_temple_entry_glass, ebering_ghost_xom
D:8:      layout_basic, serial_shops, nicolae_shop_stone, special_room
          [special_room_kobold], serial_bayou_lake_a
D:9:      layout_loops_cross, tgw_trog, orc_0_dummy
D:10:     layout_basic, minmay_lair_entry_grove, minmay_misc_feat_five,
          uniq_nergalle
Temple:   nicolae_temple_bog_church

Skill      XL: |  1  2  3  4  5  6  7  8  9 10 |
---------------+-------------------------------+-----
Stealth        | 5 6 7 10 | 10.6
Dodging        | 3 5 |  5.0
Hexes          | 4 |  4.5
Spellcasting   | 3 4 5 |  5.0
Ice Magic      | 1 |  1.6
Short Blades   | 2 4 8 9 10 | 10.0
Fighting       | 1 2 3 4 |  4.8
Conjurations   | 1 |  1.4
Fire Magic     | 1 |  1.4
Staves         | 2 7 |  7.2
Ranged Weapons | |  0.6
Throwing       | |  0.5
Evocations     | |  0.2

Action                     |  1- 3 |  4- 6 |  7- 9 | 10-12 || total
---------------------------+-------+-------+-------+-------++-------
  Melee: Dagger            |   111 |    12 |       |       ||   123
         Punch             |     3 |       |     2 |     2 ||     7
         Short sword       |       |    99 |   306 |   226 ||   631
         Quarterstaff      |       |       |     1 |    43 ||    44
   Fire: Sling             |       |     3 |     4 |     3 ||    10
  Throw: Dart              |       |     4 |       |     2 ||     6
         Throwing net      |       |       |     2 |     2 ||     4
   Cast: Ensorcelled Hiber |    33 |    24 |    87 |    41 ||   185
         Foxfire           |       |    11 |    32 |    11 ||    54
         Tukima's Dance    |       |     2 |     6 |     9 ||    17
         Confusing Touch   |       |     1 |       |       ||     1
         Dazzling Flash    |       |       |     1 |     2 ||     3
  Evoke: Wand              |       |       |     3 |     7 ||    10
    Use: Potion            |     1 |     9 |     8 |     9 ||    27
         Scroll            |     3 |    10 |    11 |     2 ||    26
   Stab: Sleeping          |    26 |    22 |    45 |    22 ||   115
         Invisible         |       |     2 |     1 |       ||     3
         Held in net/web   |       |       |     1 |       ||     1
 Armour: Robe              |    11 |     9 |    22 |    10 ||    52
         Skin              |       |     1 |   167 |       ||   168
  Dodge: Dodged            |    66 |   102 |   235 |   140 ||   543
